 Dungeon Crawl Stone Soup version 0.30.1-11-g7821555f0a (webtiles) character file.

Game seed: 10163494908640994890

47 Ivernyr the Shield-Bearer (level 3, 0/30 HPs)
             Began as a Formicid Fighter on Nov 12, 2023.
             Killed from afar by Ijyb (2 damage)
             ... with a puff of flame
             ... on level 3 of the Dungeon.
             The game lasted 00:03:14 (1344 turns).

Ivernyr the Shield-Bearer (Formicid Fighter)        Turns: 1344, Time: 00:03:14

Health: 0/30       AC:  7    Str: 22    XL:     3   Next: 97%
Magic:  3/3        EV:  9    Int:  7    God:
Gold:   113        SH:  5    Dex: 13    Spells: 2/2 levels left

rFire   . . .        a - +0 quarterstaff
rCold   . . .        c - +0 buckler
rNeg    . . .        b - +0 scale mail
rPois   +            (helmet unavailable)
rElec   .            (no cloak)
rCorr   .            (no gloves)
SInv    +            (no boots)
Will    .....        (no amulet) Stlth
                     l - ring of poison resistance
HPRegen 0.25/turn    (no ring)
MPRegen 0.08/turn

%: no passive effects
@: no status effects
A: permanent stasis, dig shafts and tunnels, antennae 3, four strong arms
a: Dig, Shaft Self


You were on level 3 of the Dungeon.
You visited 1 branch of the dungeon, and saw 3 of its levels.

You collected 113 gold pieces.

Inventory:

Hand Weapons
 a - a +0 quarterstaff (weapon)
Armour
 b - a +0 scale mail (worn)
 c - a +0 buckler (worn)
Jewellery
 l - a ring of poison resistance (left hand)
Scrolls
 f - a scroll of silence {unknown}
 g - a scroll of fear {unknown}
 h - 2 scrolls of magic mapping {unknown}
 i - 4 scrolls of identify {unknown}
 n - a scroll of immolation {unknown}
 o - a scroll of poison {unknown}
 p - a scroll of summoning {unknown}
 q - a scroll of teleportation {unknown}
Potions
 d - a potion of might
 e - a potion of mutation {unknown}
 j - 3 potions of heal wounds {unknown}
 k - a potion of curing {unknown}
 m - a potion of degeneration {unknown}
 r - a potion of flight {unknown}


   Skills:
 + Level 3.7 Fighting
 * Level 2.9 Staves
 + Level 3.7 Armour
 + Level 4.4 Shields


You had 2 spell levels left.
You didn't know any spells.
Your spell library contained the following spells:

 Spells                   Type           Power      Damage    Failure   Level
 Fireball                 Conj/Fire      0%         3d3       100%        5
 Iskenderun's Battlesphe  Conj           0%         2d6       100%        5
 Conjure Ball Lightning   Conj/Air       0%         3x3d6     100%        6
 Orb of Destruction       Conj           0%         9d5       100%        7


Dungeon Overview and Level Annotations

Branches:
Dungeon (3/15)

Altars:

Annotations:
D:3 Ijyb


Innate Abilities, Weirdness & Mutations

You cannot be hasted, slowed, berserked, paralysed or teleported.
You can dig through walls and to a lower floor.
You have a pair of large antennae on your head. (SInv)
Your four strong arms can wield two-handed weapons with a shield.


Message History

Ijyb attacks as you move away! Ijyb hits you with a +0 dagger.
Things that are here:
a +0 club; a kobold corpse You barely miss Ijyb.
Ijyb hits you but does no damage.
You hit Ijyb.
Ijyb is lightly wounded.
Ijyb zaps a wand.
The puff of flame hits you!
* * * LOW HITPOINT WARNING * * *
A hobgoblin comes into view.
You completely miss Ijyb.
Ijyb is lightly wounded.
The hobgoblin shouts!
Ijyb screams, "Me very upset!"
Ijyb zaps a wand.
The puff of flame hits you but does no damage.
You hit Ijyb but do no damage.
Ijyb is lightly wounded.
Ijyb zaps a wand.
The puff of flame hits you.
* * * LOW HITPOINT WARNING * * *
You hit Ijyb.
Ijyb is moderately wounded.
You block Ijyb's attack. Ijyb hits you but does no damage.
You completely miss Ijyb.
Ijyb is moderately wounded.
Ijyb hits you with a +0 dagger.
* * * LOW HITPOINT WARNING * * *
You hit Ijyb but do no damage.
Ijyb is moderately wounded.
Ijyb closely misses you.
You barely miss Ijyb.
Ijyb is moderately wounded.
Ijyb barely misses you.
You sock Ijyb!
Ijyb is severely wounded.
You block Ijyb's attack.
The hobgoblin hits you but does no damage.
You closely miss Ijyb.
Ijyb is severely wounded.
Ijyb zaps a wand.
The puff of flame hits you.
You die...

#...... #....$ #.....
#.# #. #...^ #..
#.##.... #.
##....#.##### #.
............##########.
....##g##...#.........
. #@#.###...#######.
#.g.#..$#.### #.
#.##.#.###.# ## ..
.##.##...# ...
........########### ##
...................
......#############
...... ## ..... ..


You could see Ijyb and a hobgoblin.

Vanquished Creatures
  An adder (D:2)
  A bat (D:2)
  4 endoplasms
  5 hobgoblins
  5 jackals (D:2)
  7 ball pythons
  3 frilled lizards
  3 goblins
  5 kobolds
  3 rats (D:1)
37 creatures vanquished.

Notes
Turn   | Place    | Note
-------+----------+-------------------------------------------
     0 | D:1      | Ivernyr the Formicid Fighter began the quest for the Orb.
     0 | D:1      | Reached XP level 1. HP: 18/18 MP: 1/1
    98 | D:1      | Reached XP level 2. HP: 24/24 MP: 2/2
   162 | D:1      | Found a faded altar of an unknown god.
   688 | D:2      | Reached XP level 3. HP: 29/29 MP: 3/3
  1325 | D:3      | Noticed Ijyb
  1340 | D:3      | HP: 1/30 [Ijyb/+0 dagger (3)]
  1344 | D:3      | Killed from afar by Ijyb

Illustrated notes

Levels and vault maps discovered:
D:1:      wander_arrival_fairy_ring, layout_basic,
          ebering_ecumenical_altar_abandoned
D:2:      layout_rooms, minmay_misc_feat_rows
D:3:      layout_rooms, minmay_ruptured, uniq_ijyb

Action                     || total
---------------------------++-------
  Melee: Quarterstaff      ||   108
 Armour: Scale mail        ||    51
  Dodge: Dodged            ||    45
  Block: Buckler           ||    32
